 Dungeon Crawl Stone Soup version 0.32-a0-468-g38b2580584 (webtiles) character file.

Game seed: 5173557451598298883

115 CougarLife the Digger (level 5, -4/28 HPs)
             Began as a Gargoyle Earth Elementalist on Feb 25, 2024.
             Slain by Crazy Yiuf
             ... wielding a +2 quarterstaff of chaos
              (10 damage)
             ... on level 2 of the Dungeon.
             The game lasted 00:02:47 (2596 turns).

CougarLife the Digger (Gargoyle Earth Elementalist) Turns: 2596, Time: 00:02:48

Health: -4/28      AC:  7    Str: 12    XL:     5   Next: 0%
Magic:  0/9        EV: 11    Int: 17    God:
Gold:   125        SH:  0    Dex: 10    Spells: 6/10 levels left

rFire   . . .        n - +0 dagger
rCold   . . .        (no shield)
rNeg    + . .        a - +0 robe
rPois   ∞            (no helmet)
rElec   +            (no cloak)
rCorr   .            (no gloves)
SInv    .            l - +0 pair of boots
Will    .....        (no amulet)
Stlth   ++           (no ring)
HPRegen 0.24/turn    (no ring)
MPRegen 0.11/turn

%: no passive effects
@: fragile (+50% incoming damage), slowed, very slow
A: sickness immunity, AC +4, negative energy resistance 1, electricity
resistance, torment resistance 1, petrification resistance
a: no special abilities


You were on level 2 of the Dungeon.
You visited 1 branch of the dungeon, and saw 2 of its levels.

You collected 125 gold pieces.

Inventory:

Hand Weapons
 n - a +0 dagger (weapon)
Armour
 a - a +0 robe (worn)
 l - a +0 pair of boots (worn)
Scrolls
 e - a scroll of identify {unknown}
 f - 2 scrolls of amnesia {unknown}
 h - a scroll of noise {unknown}
 i - a scroll of torment {unknown}
 j - a scroll of fog {unknown}
 k - a scroll of enchant armour {unknown}
 o - a scroll of teleportation {unknown}
Potions
 b - a potion of magic
 c - a potion of heal wounds {unknown}
 d - 2 potions of brilliance {unknown}
 g - 2 potions of mutation {unknown}
 m - a potion of haste {unknown}


   Skills:
 - Level 1.5 Dodging
 - Level 2.1 Stealth
 + Level 3.1 Spellcasting
 + Level 2.9 Conjurations
 + Level 4.8 Earth Magic


You had 6 spell levels left.
You knew the following spells:

 Your Spells              Type           Power      Damage    Failure   Level
a - Sandblast             Erth           38%        2d10      2%          1
b - Stone Arrow           Conj/Erth      30%        3d8       11%         3

Your spell library contained the following spells:

 Spells                   Type           Power      Damage    Failure   Level
 Passwall                 Erth           19%        N/A       7%          3
 Slow                     Hex            8%         N/A       17%         1
 Brom's Barrelling Bould  Conj/Erth      15%        2d4       34%         4
 Confusing Touch          Hex            2%         N/A       45%         3
 Sigil of Binding         Hex            2%         N/A       45%         3
 Vampiric Draining        Necr           2%         2d6       45%         3
 Petrify                  Alch/Erth      10%        N/A       54%         4


Dungeon Overview and Level Annotations

Branches:
Dungeon (2/15)

Altars:

Annotations:
D:2 Crazy Yiuf


Innate Abilities, Weirdness & Mutations

You are immune to sickness and miasma.
Your stone body is resilient. (AC +4)
You are immune to poison.
You resist negative energy. (rN+)
You are resistant to electric shocks. (rElec)
You are resistant to unholy torment.
You are immune to petrification.


Message History

The stone arrow hits Crazy Yiuf.
Crazy Yiuf is lightly wounded.
Crazy Yiuf barely misses you.
Casting: Stone Arrow (quite dangerous; 11% risk of failure)
Confirm with . or Enter, or press ? or * to list all spells.
Aiming: Stone Arrow (quite dangerous; 11% risk of failure)
Press: ? - help, Shift-Dir - straight line, f/p - Crazy Yiuf
Aim: Crazy Yiuf, wielding a +2 quarterstaff of chaos and wearing a +0 cloak (lightly wounded, 72% to hit)
The stone arrow misses Crazy Yiuf.
Crazy Yiuf waves his quarterstaff at you.
Crazy Yiuf hits you with a +2 quarterstaff of chaos.
Crazy Yiuf freezes you.
Casting: Stone Arrow (quite dangerous; 11% risk of failure)
Confirm with . or Enter, or press ? or * to list all spells.
Aiming: Stone Arrow (quite dangerous; 11% risk of failure)
Press: ? - help, Shift-Dir - straight line, f/p - Crazy Yiuf
Aim: Crazy Yiuf, wielding a +2 quarterstaff of chaos and wearing a +0 cloak (lightly wounded, 72% to hit)
The stone arrow hits Crazy Yiuf!
Crazy Yiuf is severely wounded.
Crazy Yiuf barely misses you.
You hit Crazy Yiuf.
Crazy Yiuf is almost dead.
Crazy Yiuf hits you with a +2 quarterstaff of chaos!
You feel yourself slow down.
You hit Crazy Yiuf but do no damage.
Crazy Yiuf is almost dead.
Crazy Yiuf closely misses you.
Casting: Stone Arrow (quite dangerous; 11% risk of failure)
Confirm with . or Enter, or press ? or * to list all spells.
You don't have enough magic to cast this spell.
Unknown command.
Unknown command.
You hit Crazy Yiuf.
Crazy Yiuf is almost dead.
Crazy Yiuf hits you with a +2 quarterstaff of chaos.
* * * LOW HITPOINT WARNING * * *
Your body becomes as fragile as glass!
Crazy Yiuf screams, "Papa!"
Crazy Yiuf hits you with a +2 quarterstaff of chaos!
You die...

#......###....#
######.# #....#
#.# ♣....♣ #.#
♣...♣♣ #####
####.# ♣♣.♣♣
....# #....#
♣.♣♣ ###.#
#..#.# ♣♣)♣
###.###....#
♣.♣♣
...........#
♣♣@♣
###.###.#..#
#g# ###.#
#.##.# ...
....# #....#
#...# #####
####.# #..)# #
##+# ##### #
##..# ##
##...#### ####
.## ##.......##
##..#


You could see Crazy Yiuf.

Vanquished Creatures
  Jessica (D:2)
  A gnoll (D:1)
  An adder (D:2)
  A dart slug (D:2)
  2 ribbon worms (D:2)
  3 bats (D:2)
  5 endoplasms
  2 giant cockroaches (D:2)
  7 goblins
  A hobgoblin (D:2)
  12 jackals (D:1)
  5 quokkas
  3 ball pythons
  2 frilled lizards
  3 kobolds (D:2)
  9 rats
58 creatures vanquished.

Notes
Turn   | Place    | Note
-------+----------+-------------------------------------------
     0 | D:1      | CougarLife the Gargoyle Earth Elementalist began the quest
                  | for the Orb.
     0 | D:1      | Reached XP level 1. HP: 10/10 MP: 3/3
    51 | D:1      | Reached XP level 2. HP: 5/15 MP: 0/5
   432 | D:1      | Reached skill level 4 in Earth Magic
   700 | D:1      | Reached XP level 3. HP: 15/19 MP: 2/6
  1583 | D:2      | Reached XP level 4. HP: 24/24 MP: 6/8
  1965 | D:2      | Identified the +5 ring mail "Xioduigy" {rN+}
  2466 | D:2      | Found a runed translucent door.
  2466 | D:2      | Noticed Jessica
  2468 | D:2      | Killed Jessica
  2469 | D:2      | Reached XP level 5. HP: 28/28 MP: 7/9
  2485 | D:2      | Noticed Crazy Yiuf
  2590 | D:2      | Learned a level 3 spell: Stone Arrow
  2596 | D:2      | Slain by Crazy Yiuf

Illustrated notes

Levels and vault maps discovered:
D:1:      shiori_arrival_maze, layout_loops_corners
D:2:      minmay_diamond_boxcup, layout_loops_corners, minmay_rat_gold_closets,
          uniq_crazy_yiuf_cottage, uniq_jessica

Skill      XL: |  1  2  3  4 |
---------------+-------------+-----
Earth Magic    | 4 |  4.8
Conjurations   | 2 |  2.9
Spellcasting   | 3 |  3.1
Dodging        | |  1.5
Stealth        | |  2.1

Action                     |  1- 3 |  4- 6 || total
---------------------------+-------+-------++-------
  Melee: Unarmed           |    27 |       ||    27
         Dagger            |     1 |    11 ||    12
   Cast: Sandblast         |    50 |    27 ||    77
         Stone Arrow       |       |     3 ||     3
   Stab: Sleeping          |       |     2 ||     2
 Armour: Robe              |    38 |    14 ||    52
  Dodge: Dodged            |    31 |    13 ||    44

Table legend: (Time is in decaauts)
 A = Elapsed time spent in this place.
 B = Non-inter-level travel time spent in this place.
 C = Inter-level travel time spent in this place.
 D = Time resting spent in this place.
 E = Time spent auto-exploring this place.
 F = Levels seen in this place.
 G = Mean time per level.
                   A        B        C        D        E       F      G
               +--------+--------+--------+--------+--------+-----+--------+
         Total |   2634 |   2603 |     31 |     42 |   2229 |   2 | 1317.0 |
       Dungeon |   2634 |   2603 |     31 |     42 |   2229 |   2 | 1317.0 |
               +--------+--------+--------+--------+--------+-----+--------+

Top non-repeatable levels by time:
     D:2: 1386 daAuts
     D:1: 1248 daAuts
